 Dungeon Crawl Stone Soup version 0.31-a0-986-g5e6e4ef867 (console) character file.

Game seed: 5233409885614383406

7498 petzl the Thaumaturge (level 11, -5/79 HPs)
             Began as a Formicid Delver on Nov 17, 2023.
             Was an Initiate of Vehumet.
             Shot with an arrow by an orc warrior (12 damage)
             ... on level 9 of the Dungeon.
             The game lasted 00:55:41 (11044 turns).

petzl the Thaumaturge (Formicid Delver)            Turns: 11044, Time: 00:55:42

Health: -5/79      AC:  9    Str: 18    XL:     11   Next: 38%
Magic:  12/24      EV: 11    Int: 19    God:    Vehumet [......]
Gold:   409        SH:  5    Dex: 15    Spells: 19/29 levels left

rFire   . . .        a - +0 shortbow (freeze)
rCold   . . .        (no shield)
rNeg    . . .        C - +0 ring mail
rPois   .            (helmet unavailable)
rElec   .            (no cloak)
rCorr   .            t - +0 pair of gloves
SInv    +            l - +1 pair of boots
Will    +....        J - amulet of reflection
Stlth   +++          P - +6 ring of intelligence
HPRegen 0.33/turn    (no ring)
MPRegen 0.19/turn

%: reflection
@: very slightly contaminated, studying Fighting
A: permanent stasis, dig shafts and tunnels, antennae 3, four strong arms
a: Dig, Shaft Self, Renounce Religion


You were on level 9 of the Dungeon.
You worshipped Vehumet.
Vehumet was noncommittal.
You visited 2 branches of the dungeon, and saw 10 of its levels.
You also visited: Bailey.

You collected 409 gold pieces.

Inventory:

Hand Weapons
 a - a +0 shortbow of freezing (weapon)
 b - the +5 mace "Fiupe" {freeze, rPois Will+}
   (You found it on level 2 of the Dungeon)

   rPois:     It protects you from poison Will+: It increases your willpower.
 o - a +0 orcbow
 I - a +1 dagger of venom {!f =f}
 Q - a +4 scimitar
Missiles
 k - 23 poisoned darts
 s - 3 javelins
Armour
 l - a +1 pair of boots (worn)
 t - a +0 pair of gloves (worn)
 v - a +3 scale mail
 x - a +0 kite shield
 y - an orb of light
 C - a +0 ring mail (worn)
Magical Staves
 z - a staff of air
Jewellery
 A - the amulet of Contentment {Spirit rF+}
   (You found it on level 3 of the Dungeon)

   [amulet of guardian spirit]

   Spirit:    It causes incoming damage to be divided between your reserves of
   health and magic.
   rF+:       It protects you from fire.
 J - an amulet of reflection (around neck)
 P - a +6 ring of intelligence (left hand)
Wands
 f - a wand of digging (2)
 h - a wand of charming (1)
 m - a wand of iceblast (8)
 N - a wand of acid (5)
 O - a wand of mindburst (12)
Scrolls
 c - a scroll of fog
 d - a scroll of revelation
 e - a scroll of fear
 j - 2 scrolls of torment {unknown}
 B - a scroll of poison
 F - 3 scrolls of enchant armour
 G - a scroll of immolation
 H - a scroll of blinking {unknown}
 K - a scroll of silence
 M - a scroll of amnesia {unknown}
Potions
 g - 2 potions of ambrosia {unknown}
 i - a potion of resistance {unknown}
 n - 2 potions of cancellation {unknown}
 p - 2 potions of heal wounds
 q - 2 potions of lignification
 r - 3 potions of might
 u - a potion of berserk rage {unknown}
 D - a potion of degeneration {unknown}
 E - 2 potions of mutation {unknown}
 L - 2 potions of magic {unknown}
 R - 3 potions of curing


   Skills:
 - Level 5.0 Fighting
 + Level 2.3 Maces & Flails
 - Level 3.0 Ranged Weapons
 + Level 3.3 Armour
 + Level 2.1 Dodging
 - Level 6.0 Stealth
 + Level 9.7 Spellcasting
 + Level 6.8 Conjurations
 + Level 4.5 Translocations
 + Level 7.5 Fire Magic
 - Level 2.0 Air Magic
 - Level 2.0 Evocations


You had 19 spell levels left.
You knew the following spells:

 Your Spells              Type           Power      Damage    Failure   Level
a - Iskenderun's Mystic   Conj/Tloc      31%        2d8       12%         4
s - Sticky Flame          Conj/Fire      36%        2d6       7%          4
u - Sublimation of Blood  Necr           9%         N/A       21%         2

Your spell library contained the following spells:

 Spells                   Type           Power      Damage    Failure   Level
 Apportation              Tloc           52%        N/A       1%          1
 Ignite Poison            Fire/Tmut/Pois 18%        N/A       14%         3
 Jinxbite                 Hex            18%        N/A       21%         2
 Tukima's Dance           Hex            9%         N/A       36%         3
 Dimensional Bullseye     Hex/Tloc       8%         N/A       45%         4
 Irradiate                Conj/Tmut      11%        3d15      65%         5
 Petrify                  Tmut/Erth      9%         N/A       78%         4
 Alistair's Intoxication  Tmut/Pois      6%         N/A       98%         5
 Ignition                 Fire           18%        3d7       100%        8


Dungeon Overview and Level Annotations

Branches:
Dungeon (9/15)             Temple (1/1) D:7          Bailey (visited)
   Lair: D:8-11         Orc: D:9-12

Altars:
Ashenzari
Cheibriados
Dithmenos
Elyvilon
Gozag
Hepliaklqana
Kikubaaqudgha
Makhleb
Okawaru
Qazlal
Ru
Sif Muna
Trog
Uskayaw
Vehumet
Wu Jian
Xom
Yredelemnul
Zin
The Shining One

Shops:
D:2 :   D:5 (

Annotations:
D:4 exclusion: downstairs
D:5 Sigmund
D:6 exclusion: downstairs
D:7 4 runed translucent doors
D:8 exclusion: downstairs


Innate Abilities, Weirdness & Mutations

You cannot be hasted, slowed, berserked, paralysed or teleported.
You can dig through walls and to a lower floor.
You have a pair of large antennae on your head. (SInv)
Your four strong arms can wield two-handed weapons with a shield.


Message History

You are very lightly contaminated with residual magic.
Fire whirls out from your hands. The elephant tramples you.
You stumble backwards!
Unknown command.
Unknown command.
Casting: Sticky Flame (dangerous; 7% risk of failure)
Confirm with . or Enter, or press ? or * to list all spells.
Aiming: Sticky Flame (dangerous; 7% risk of failure)
Press: ? - help, Shift-Dir - straight line, f/p - elephant
Aim: an elephant (moderately wounded)
The sticky flame hits the elephant.
The elephant is moderately wounded.
The elephant is covered in liquid flames!
The elephant burns!
The elephant tramples you!
You stumble backwards!
Unknown command.
Unknown command.
The elephant burns!
The elephant attacks as it pursues you! The elephant barely misses you.
The elephant trunk-slaps you but does no damage.
The elephant burns!
The elephant attacks as it pursues you! The elephant closely misses you.
You block the elephant's attack.
The flames covering the elephant go out.
The elephant stops burning.
The orc warrior throws a stone.
The stone hits you but does no damage. The elephant attacks as it pursues you!
The elephant tramples you!
* * * LOW HITPOINT WARNING * * *
You stumble backwards!
The orc warrior throws a stone.
The stone closely misses you.
Are you sure you want to shaft yourself?
The elephant tramples you!
* * * LOW HITPOINT WARNING * * *
You stumble backwards!
You stop digging.
The orc warrior shoots an arrow.
The arrow closely misses you.
Unknown command.
As you read the scroll of fear, it crumbles to dust.
You assume a fearsome visage.
The black bear looks frightened!
The elephant looks frightened!
The orc warrior looks frightened!
The orc looks frightened!
The orc priest looks frightened!
Cornered, the orc warrior turns to fight!
The orc warrior shoots an arrow.
The arrow hits you!
You die...

##############
#....hoooo...######
#Y≈≈≈≈≈≈≈.≈.......#
#.≈.......≈o......#
#.≈.###.#.≈.......#
#.≈.#)..#.≈o......#
##.≈.#._.#.≈.......#
#..≈.#...#.≈.......###
#.@≈.#.###.≈..........
#..≈.......≈..........
#..≈≈≈≈≈≈≈≈≈.....o....
#.....................
#...........+.........
##..........#.........
##.........#.........
#.........#.........
###+##..###
#...##..#########
#................
#................
#................
#?.....###..##..#
#......# ..# #......#
.... #......# .....
#...<..# .......
#......# .......


You could see an elephant (fleeing), an orc warrior and a black bear (fleeing).

Vanquished Creatures
  2 vault guards (Bailey)
  A manticore (D:7)
  Prince Ribbit (Bailey)
  4 yaks (D:8)
  5 humans (Bailey)
  2 wyverns
  A steam dragon (D:6)
  2 water moccasins (D:8)
  An orc warrior (D:7)
  4 black bears
  2 sky beasts (D:7)
  An ogre (D:7)
  2 centaurs (D:7)
  A phantom (D:7)
  2 kobold brigands
  13 bullfrogs
  5 scorpions
  A gnoll sergeant (D:8)
  9 wights
  3 howler monkeys
  An electric eel (D:8)
  2 jellies (D:4)
  4 orc priests
  A gnoll bouda (D:7)
  A hound (D:5)
  A sleepcap (D:3)
  Jessica (D:3)
  4 iguanas
  8 orc wizards
  8 gnolls
  4 adders
  A white imp (D:8)
  38 orcs
  13 endoplasms
  3 giant cockroaches
  10 goblins
  12 hobgoblins
  9 jackals
  19 kobolds
  4 quokkas (D:3)
  7 ball pythons
  8 bats
  10 frilled lizards
  3 rats
  A spectral kobold (D:3)
235 creatures vanquished.

Vanquished Creatures (collateral kills)
  2 bullfrogs (Bailey)
  2 orcs (Bailey)
  A hobgoblin (Bailey)
5 creatures vanquished.

Vanquished Creatures (others)
  A human (Bailey)
  An orc warrior (Bailey)
2 creatures vanquished.

Grand Total: 242 creatures vanquished

Notes
Turn   | Place    | Note
-------+----------+-------------------------------------------
     0 | D:5      | petzl the Formicid Delver began the quest for the Orb.
     0 | D:5      | Reached XP level 1. HP: 18/18 MP: 1/1
    17 | D:6      | Noticed a scorpion
    87 | D:5      | Noticed a black bear
   100 | D:5      | Found Aciwk's Weapon Emporium.
   174 | D:5      | Found a snail-covered altar of Cheibriados.
   209 | D:5      | Noticed Sigmund
   238 | D:4      | Reached skill level 1 in Spellcasting
   278 | D:3      | Found a stormy altar of Qazlal.
   287 | D:3      | Reached XP level 2. HP: 14/24 MP: 4/4
   401 | D:2      | Identified the +5 mace "Fiupe" {freeze, rPois Will+}
   511 | D:1      | Reached skill level 1 in Armour
   511 | D:1      | Reached XP level 3. HP: 29/29 MP: 5/5
   560 | D:1      | Reached skill level 1 in Evocations
   741 | D:1      | Found a faded altar of an unknown god.
   976 | D:1      | Reached skill level 2 in Spellcasting
  1534 | D:2      | Reached XP level 4. HP: 31/35 MP: 7/7
  1780 | D:2      | Found Soiseutt's Book Shop.
  1837 | D:2      | Reached skill level 1 in Ranged Weapons
  2139 | D:3      | Reached XP level 5. HP: 41/41 MP: 8/8
  2431 | D:3      | Identified the amulet of Contentment {Spirit rF+}
  2540 | D:3      | Noticed Jessica
  2548 | D:3      | Killed Jessica
  2606 | D:3      | Found a hazy altar of Hepliaklqana.
  2882 | D:4      | Reached skill level 3 in Spellcasting
  2882 | D:4      | Reached XP level 6. HP: 47/47 MP: 10/10
  3311 | D:5      | Reached skill level 4 in Spellcasting
  3311 | D:5      | Reached XP level 7. HP: 48/52 MP: 10/13
  3423 | D:5      | Reached skill level 5 in Spellcasting
  3602 | D:5      | Found a bloodstained altar of Trog.
  3852 | D:5      | Learned a level 4 spell: Iskenderun's Mystic Blast
  3857 | D:5      | Learned a level 4 spell: Sticky Flame
  4029 | D:5      | Reached skill level 6 in Spellcasting
  4096 | D:5      | Found a shadowy altar of Dithmenos.
  4265 | D:6      | Reached XP level 8. HP: 56/57 MP: 17/17
  4450 | D:6      | Reached skill level 1 in Conjurations
  4450 | D:6      | Reached skill level 1 in Fire Magic
  4517 | D:6      | Reached skill level 1 in Translocations
  4517 | D:6      | Reached skill level 1 in Air Magic
  4759 | D:6      | Found a sacrificial altar of Ru.
  5898 | D:7      | Found a large runed translucent door.
  5899 | D:7      | Found a large runed translucent door.
  5900 | D:7      | Noticed an unseen horror
  5967 | D:7      | Reached XP level 9. HP: 59/66 MP: 18/18
  6239 | D:7      | Found a large runed translucent door.
  6239 | D:7      | Found a large runed translucent door.
  6256 | D:7      | Reached skill level 5 in Fighting
  6291 | D:7      | Noticed a manticore
  6419 | D:8      | Reached skill level 7 in Spellcasting
  6536 | D:8      | Found a flagged portal.
  6544 | Bailey   | Entered a bailey
  6780 | Bailey   | Reached XP level 10. HP: 15/74 MP: 21/21
  7289 | Bailey   | Noticed a vault guard
  7304 | Bailey   | Killed a vault guard
  7305 | Bailey   | Reached skill level 8 in Spellcasting
  7305 | Bailey   | Reached skill level 5 in Conjurations
  7305 | Bailey   | Reached skill level 5 in Fire Magic
  7503 | Bailey   | Noticed Prince Ribbit
  7518 | Bailey   | Killed Prince Ribbit
  7659 | Bailey   | Noticed a vault guard
  7671 | Bailey   | Killed a vault guard
  8051 | D:8      | Reached skill level 9 in Spellcasting
  8303 | D:8      | Reached XP level 11. HP: 61/79 MP: 15/24
  8408 | D:9      | Noticed a two-headed ogre
  8551 | D:7      | Killed a manticore
  8848 | D:7      | Learned a level 2 spell: Sublimation of Blood
  9075 | D:7      | Found a shimmering blue altar of Sif Muna.
  9505 | D:7      | Found a staircase to the Ecumenical Temple.
  9678 | Temple   | Entered the Ecumenical Temple
  9687 | Temple   | Became a worshipper of Vehumet
 10295 | D:8      | Found a shimmering altar of Xom.
 10970 | D:9      | Found an iron altar of Okawaru.
 11008 | D:9      | Noticed an elephant
 11044 | D:9      | Shot with an arrow by an orc warrior

Illustrated notes

Levels and vault maps discovered:
D:1:      mrwooster_arrival_arrow, layout_loops_ring,
          hellmonk_ecumenical_altar_crossroads
D:2:      layout_loops_corners, serial_shops, shop, minmay_lizard_pond
D:3:      minmay_octagon_keep, layout_basic,
          nicolae_hepliaklqana_monster_ancestors, amcnicky_altar_gilded,
          hangedman_decor_push, uniq_jessica
D:4:      layout_rooms, skrybe_limestone_x
D:5:      layout_cave_pods, mainiacjoe_overflow_alcove_2,
          mainiacjoe_overflow_catch_the_wave, serial_shops,
          nicolae_shop_tiny_statue_garden, lexackson_kobold_supper, uniq_sigmund
D:6:      layout_layer_cave, mainiacjoe_overflow_concentric_impassable
D:7:      nicolae_cairo_tiling_large, layout_basic, overflow_temple_1_default,
          temple_hall, minmay_hollow_rounded_squares
D:8:      layout_basic, xom_teletrap_fun, enter_bailey_5
D:9:      minmay_the_grid_3x2 [minmay_the_grid_empty,
          minmay_the_grid_minigrid_medium, minmay_the_grid_outer_diamond,
          minmay_the_grid_armoury, minmay_the_grid_gridbox,
          minmay_the_grid_prize_big_room], layout_gridville, kennysheep_mini,
          mainiacjoe_overflow_brackets, david_lair_generic, serial_undead,
          serial_undead_f, serial_undead_f, serial_undead_c, serial_undead_c
Temple:   nicolae_temple_ecumenical_triangle

Skill      XL: |  1  2  3  4  5  6  7  8  9 10 11 |
---------------+----------------------------------+-----
Spellcasting   | 1 2 3 4 6 7 9 |  9.7
Armour         | 1 2 3 |  3.3
Evocations     | 1 2 |  2.0
Ranged Weapons | 1 2 3 |  3.0
Conjurations   | 2 4 6 |  6.8
Fire Magic     | 2 4 6 7 |  7.5
Translocations | 2 4 |  4.5
Air Magic      | 2 |  2.0
Fighting       | 4 5 |  5.0
Dodging        | 2 |  2.1
Maces & Flails | |  2.3
Stealth        | |  6.0

Action                     |  1- 3 |  4- 6 |  7- 9 | 10-12 || total
---------------------------+-------+-------+-------+-------++-------
  Melee: Mace              |    65 |    91 |   162 |   125 ||   443
         Punch             |       |       |     2 |     4 ||     6
   Fire: Sling             |    16 |    98 |    58 |       ||   172
         Shortbow          |       |       |    32 |   127 ||   159
  Throw: Dart              |       |     2 |       |     1 ||     3
         Throwing net      |       |       |       |     3 ||     3
         Javelin           |       |       |       |     1 ||     1
   Cast: Sticky Flame      |       |       |       |    30 ||    30
         Iskenderun's Myst |       |       |       |     2 ||     2
Ability: Dig               |       |       |     2 |     1 ||     3
         Shaft Self        |       |       |       |     1 ||     1
  Evoke: Wand              |     2 |       |    11 |    10 ||    23
    Use: Scroll            |       |       |     6 |     3 ||     9
         Potion            |       |       |       |     6 ||     6
   Stab: Sleeping          |     4 |     3 |     2 |       ||     9
         Distracted        |       |       |     1 |       ||     1
 Armour: Leather armour    |    42 |    30 |       |       ||    72
         Ring mail         |       |    32 |   159 |   152 ||   343
  Dodge: Dodged            |    43 |    74 |    98 |   125 ||   340
  Block: Other             |       |       |    32 |    51 ||    83
         Reflection        |       |       |       |     7 ||     7

Table legend: (Time is in decaauts)
 A = Elapsed time spent in this place.
 B = Non-inter-level travel time spent in this place.
 C = Inter-level travel time spent in this place.
 D = Time resting spent in this place.
 E = Time spent auto-exploring this place.
 F = Levels seen in this place.
 G = Mean time per level.
                   A        B        C        D        E       F      G
               +--------+--------+--------+--------+--------+-----+--------+
         Total |  11245 |  10629 |    616 |   2511 |   4747 |  11 | 1022.3 |
       Dungeon |  10039 |   9440 |    599 |   1780 |   4747 |   9 | 1115.4 |
        Temple |     18 |      1 |     17 |      0 |      0 |   1 |   18.0 |
        Bailey |   1186 |   1186 |      0 |    731 |      0 |   1 | 1186.0 |
               +--------+--------+--------+--------+--------+-----+--------+

Top non-repeatable levels by time:
     D:8: 2032 daAuts
     D:6: 1752 daAuts
     D:7: 1640 daAuts
  Bailey: 1186 daAuts
     D:5: 1154 daAuts
     D:2: 949 daAuts
     D:3: 894 daAuts
     D:1: 792 daAuts
     D:4: 508 daAuts
     D:9: 314 daAuts
  Temple: 18 daAuts
